Map: Invader LE

Players

Fropez - Winner!

  • Race: Protoss Protoss
  • League: Silver
  • Spawn Location: 5:00

TrumpInNov

  • Race: Zerg Zerg
  • League: Silver
  • Spawn Location: 7:00

VOD

Have the link to the VOD?

Description

Time

  • Played on: July 4, 2016, 2:35 p.m.
  • Length: 13:35
Show
View Real Time Build Order
Export as new Build Order

Fropez Protoss - Winner!

Build Orders: 1 Gate Expand, Blink Stalkers 

Get SALT Encoding   

  12  0:02  Probe (Chrono Boost)  
  13  0:19  Probe (Chrono Boost)  
  13  0:21  Pylon  
  14  0:29  Probe (Chrono Boost)  
  15  0:40  Probe (Chrono Boost)  
  16  0:45  Gateway  
  17  0:57  Probe (Chrono Boost)  
  17  1:16  Nexus  
  18  1:30  Pylon  
  18  1:31  Assimilator  
  17  1:35  Assimilator  
  17  1:48  Probe (Chrono Boost)  
  17  1:53  Cybernetics Core  
  18  1:59  Probe (Chrono Boost)  
  19  2:10  Probe (Chrono Boost)  
  19  2:15  Pylon  
  20  2:21  Pylon  
  20  2:30  Warp Gate (Chrono Boost)  
  20  2:36  Pylon  
  20  2:41  Twilight Council, Probe (Chrono Boost)  
  21  2:46  Probe (Chrono Boost)  
  22  3:04  Gateway  
  22  3:05  Blink  
  22  3:07  Pylon  
  22  3:10  Probe (Chrono Boost)  
  23  3:36  Gateway  
  23  3:38  Probe  
  23  3:40  Probe  
  25  3:50  Probe  
  25  3:53  Probe  
  27  4:04  Gateway  
  27  4:05  Probe  
  27  4:06  Probe  
  29  4:19  Pylon  
  29  4:20  Pylon, Probe  
  30  4:33  Zealot x3  
  36  4:41  Gateway  
  36  4:44  Zealot x3  
  36  4:47  Probe  
  36  4:48  Probe  
  38  4:59  Probe  
  39  5:00  Assimilator  
  39  5:04  Assimilator  
  39  5:06  Probe  
  40  5:12  Forge  
  40  5:19  Probe  
  40  5:21  Probe  
  42  5:25  Gateway  
  42  5:33  Pylon  
  42  5:45  Protoss Ground Weapons Level 1 (Chrono Boost)  
  41  5:53  Zealot x2  
  41  5:54  Gateway, Zealot x2  
  41  5:56  Probe  
  47  6:00  Probe  
  39  6:18  Photon Cannon  
  39  6:23  Photon Cannon  
  39  6:26  Probe  
  39  6:28  Probe  
  41  6:38  Probe  
  42  6:40  Probe  
  43  7:01  Probe x2  
  44  7:08  Zealot  
  47  7:09  Zealot  
  47  7:11  Nexus  
  47  7:14  Zealot  
  51  7:17  Probe  
  50  7:24  Probe  
  50  7:29  Probe, Protoss Ground Weapons Level 2 (Chrono Boost)  
  42  7:40  Probe, Dark Shrine  
  43  7:45  Probe  
  44  7:54  Probe  
  44  7:57  Pylon  
  45  8:09  Pylon  
  45  8:13  Pylon  
  45  8:14  Probe  
  45  8:15  Probe  
  47  8:26  Probe  
  48  8:27  Probe  
  48  8:28  Probe  
  49  8:34  Stalker x3  
  49  8:38  Probe  
  56  8:42  Stalker  
  58  8:48  Probe  
  58  8:50  Stalker  
  60  8:59  Probe  
  59  9:09  Probe  
  55  9:16  Stalker x2  
  56  9:29  Stalker  
  58  9:44  Probe  
  60  9:45  Probe  
  60  9:50  Dark Templar x2  
  64  9:57  Dark Templar  
  64  9:58  Dark Templar  
  66  10:23  Stalker x5  
  76  11:03  Stalker x2  
  76  11:04  Stalker x5  
  88  11:11  Probe  
  88  11:12  Protoss Ground Weapons Level 3 (Chrono Boost), Probe x2  
  91  11:22  Probe  
  91  11:24  Probe  
  93  11:29  Pylon  
  93  11:32  Pylon  
  93  11:36  Dark Templar x3  
  99  11:47  Assimilator  
  99  11:51  Assimilator  
  99  12:01  Nexus  
  99  12:03  Probe  
  99  12:04  Probe, Stargate  
  99  12:05  Stargate, Assimilator  
  99  12:06  Probe  
  102  12:10  Assimilator  
  102  12:12  Pylon  
  102  12:15  Pylon  
  102  12:16  Pylon  
  102  12:19  Pylon, Mothership Core  
  102  12:20  Probe  
  101  12:41  Stalker x5  
Show
View Real Time Build Order
Export as new Build Order

TrumpInNov Zerg 

Build Orders: Hatch First 

Get SALT Encoding   

  12  0:02  Drone  
  13  0:58  Overlord, Hatchery  
  13  0:59  Drone x2  
  14  1:10  Spawning Pool  
  13  1:11  Drone  
  14  1:23  Drone  
  15  1:31  Drone  
  16  1:42  Drone  
  17  1:52  Overlord  
  17  2:01  Queen  
  17  2:02  Spine Crawler  
  17  2:07  Drone  
  19  2:10  Queen  
  21  2:26  Extractor, Drone x2  
  22  2:47  Zergling x6  
  25  3:04  Drone  
  26  3:19  Drone  
  28  3:20  Drone x2  
  29  3:42  Extractor  
  28  3:49  Spore Crawler  
  28  3:50  Spore Crawler, Drone x2  
  28  4:08  Zergling x2, Drone  
  28  4:09  Zergling x4  
  32  4:12  Lair  
  32  4:13  Metabolic Boost  
  32  4:36  Zergling x8  
  36  4:42  Overlord x2  
  36  5:14  Drone x3  
  39  5:23  Spire  
  38  5:29  Infestation Pit  
  37  5:37  Hatchery  
  37  5:40  Spine Crawler  
  37  5:42  Spine Crawler  
  25  6:09  Zergling x6  
  27  6:12  Zergling x4  
  27  6:13  Zergling x12  
  27  6:14  Zergling x2  
  36  6:51  Drone  
  27  7:39  Drone x3  
  27  7:40  Drone x2  
  32  7:46  Mutalisk  
  32  7:47  Mutalisk x6  
  45  8:07  Extractor  
  45  8:08  Extractor  
  43  8:14  Queen  
  45  8:25  Drone x2  
  45  8:26  Drone x4  
  51  8:29  Pathogen Glands  
  51  8:41  Hatchery  
  44  9:26  Corruptor x2  
  44  9:31  Overseer  
  40  9:46  Overseer  
  40  9:56  Zergling x6  
  40  9:57  Zergling x10  
  40  9:58  Zergling x2  
  49  10:01  Overlord x2  
  49  10:25  Drone x4  
  49  10:26  Drone  
  54  10:43  Spore Crawler  
  53  10:51  Queen  
  53  10:53  Drone x3  
  54  11:01  Zergling x8  
  54  11:02  Zergling x4  
  56  11:09  Mutalisk x5  
  56  11:10  Mutalisk x2  
  70  11:13  Infestor  
  70  11:15  Zergling x2  
  66  11:34  Zergling x2  
  66  11:35  Zergling x4  
  68  11:43  Infestor x2  
  72  12:04  Drone x3  
  75  12:10  Extractor  
  74  12:17  Hydralisk Den  
  72  12:40  Drone  
  73  12:45  Zergling x4  
  73  12:46  Zergling x2  
  73  12:49  Hydralisk x2  
Tags
 
Add a new tag
Caveats
  • Supply blocks, unpowered buildings, or Contaminate may cause inaccurate times.
  • Supply counts are checked every 10 seconds.